Map: Orbital Shipyard

Players

Botvinnik

  • Race: Terran Terran
  • League: Master

uThermal - Winner!

  • Race: Terran Terran
  • League: Grandmaster

Event: DreamHack ZOWIE Open Leipzig

VOD

Have the link to the VOD?

Description

Time

  • Played on: Jan. 22, 2016, 9:08 a.m.
  • Length: 7:39

All games in this series

Show
View Real Time Build Order
Export as new Build Order

Botvinnik Terran 

Build Orders: Reaper Expand 

Get SALT Encoding   

  12  0:00  SCV  
  13  0:13  SCV  
  14  0:17  Supply Depot  
  14  0:25  SCV  
  15  0:39  SCV  
  15  0:41  Barracks  
  16  0:45  Refinery  
  16  0:51  SCV  
  17  1:03  SCV  
  18  1:15  SCV  
  19  1:29  Reaper, Orbital Command  
  20  1:39  Command Center  
  20  1:53  Supply Depot  
  20  1:55  SCV  
  21  2:01  Marine  
  21  2:02  Refinery  
  22  2:10  Factory  
  22  2:11  SCV  
  23  2:23  Barracks Reactor, SCV  
  24  2:35  SCV  
  25  2:47  SCV  
  26  2:51  Orbital Command  
  26  2:56  Starport  
  26  2:57  Factory Tech Lab  
  26  3:01  Marine x2  
  26  3:05  SCV  
  29  3:17  SCV x2  
  31  3:20  Cyclone  
  31  3:21  Supply Depot  
  31  3:24  Marine x2  
  36  3:29  SCV x2  
  36  3:32  Viking  
  40  3:42  SCV x2, Marine x2  
  44  3:56  Command Center  
  44  3:57  Siege Tank  
  49  4:05  SCV x2  
  51  4:14  Starport Reactor  
  51  4:16  Barracks Tech Lab  
  49  4:17  Barracks  
  49  4:18  SCV  
  49  4:20  Supply Depot, SCV  
  49  4:23  Barracks  
  51  4:36  SCV x2  
  49  4:48  SCV x2  
  50  4:54  Stimpack  
  50  4:58  Marine, Starport Reactor  
  51  5:03  Refinery  
  51  5:05  SCV x2  
  53  5:08  Siege Tank  
  53  5:10  Refinery  
  53  5:13  Supply Depot, Barracks  
  56  5:14  Barracks  
  56  5:15  Engineering Bay  
  56  5:17  SCV, Engineering Bay  
  56  5:18  SCV, Marine  
  59  5:21  Marine x2  
  59  5:22  Marine  
  59  5:24  Marine  
  64  5:30  SCV x2  
  64  5:31  Orbital Command  
  65  5:38  Marine  
  65  5:40  Marine x2  
  65  5:41  Marine x2  
  65  5:42  SCV x2  
  72  5:47  Medivac  
  72  5:48  Medivac  
  74  6:05  Marine x4  
  74  6:07  Barracks Reactor  
  74  6:08  Barracks Reactor  
  77  6:11  Orbital Command  
  77  6:17  SCV x2  
  79  6:23  Siege Tank, Medivac  
  84  6:28  Supply Depot  
  84  6:34  Supply Depot  
  84  6:41  Supply Depot  
  84  6:50  Marine  
  85  6:56  SCV, Siege Tank, Marine x4  
  85  7:01  Supply Depot  
  93  7:03  SCV x2, Marine x4  
  93  7:05  Supply Depot  
  93  7:07  Marine  
  101  7:08  SCV  
  101  7:19  Supply Depot  
  109  7:22  SCV  
  109  7:24  Supply Depot  
  109  7:26  SCV  
Show
View Real Time Build Order
Export as new Build Order

uThermal Terran - Winner!

Build Orders: Reaper Expand, MMM Bio 

Get SALT Encoding   

  12  0:00  SCV  
  13  0:13  SCV  
  14  0:17  Supply Depot  
  14  0:25  SCV  
  15  0:39  SCV, Barracks  
  16  0:44  Refinery  
  16  0:51  SCV  
  17  1:03  SCV  
  18  1:15  SCV  
  19  1:27  Orbital Command  
  19  1:28  Reaper  
  20  1:39  Command Center  
  20  1:48  Supply Depot  
  20  1:53  SCV  
  21  2:00  Marine  
  22  2:05  SCV  
  22  2:07  Factory  
  23  2:17  SCV  
  23  2:18  Marine  
  25  2:29  SCV  
  26  2:36  Marine  
  26  2:38  Refinery  
  26  2:41  SCV  
  27  2:51  Widow Mine  
  27  2:52  Starport  
  27  2:56  Marine  
  27  2:57  SCV  
  31  3:03  Orbital Command  
  31  3:09  SCV  
  32  3:13  Marine  
  32  3:19  Engineering Bay  
  33  3:21  Factory Tech Lab, SCV  
  34  3:28  Medivac  
  34  3:29  SCV  
  34  3:31  Marine  
  34  3:33  Supply Depot, SCV  
  39  3:41  SCV  
  39  3:45  SCV  
  39  3:46  Siege Tank, Missile Turret  
  39  3:47  Missile Turret  
  44  3:53  Barracks Reactor, SCV  
  45  3:58  SCV, Supply Depot  
  46  4:05  SCV  
  47  4:10  SCV, Barracks  
  47  4:11  Barracks  
  48  4:20  Supply Depot  
  48  4:21  SCV, Refinery  
  48  4:22  SCV  
  50  4:26  Siege Tank  
  50  4:30  Marine x2  
  55  4:37  SCV  
  56  4:45  SCV  
  56  4:48  Marine x2  
  56  4:50  SCV, Medivac  
  62  4:56  Supply Depot, Refinery  
  62  4:59  SCV  
  63  5:00  Barracks Tech Lab x2  
  63  5:02  SCV  
  63  5:04  Supply Depot  
  64  5:11  SCV  
  64  5:12  Marine  
  64  5:13  Marine  
  64  5:14  SCV  
  66  5:21  Combat Shields, Stimpack  
  66  5:24  Marine  
  66  5:27  Starport Reactor, Marine  
  68  5:30  Marine  
  69  5:36  Terran Infantry Weapons Level 1, Barracks  
  69  5:37  Barracks, Marine  
  69  5:42  Siege Tank  
  73  5:46  Supply Depot, Marine  
  74  5:50  SCV  
  74  5:51  SCV  
  74  5:53  Marine  
  74  5:54  Supply Depot  
  74  5:55  Marine x2  
  79  6:03  Medivac  
  81  6:04  Medivac  
  81  6:05  Marine  
  84  6:14  Siege Tank  
  84  6:15  Supply Depot  
  84  6:17  Marine  
  84  6:18  Marine  
  89  6:24  Barracks Reactor x2, Supply Depot  
  89  6:29  SCV x2  
  91  6:42  Marine  
  91  6:44  Marine  
  91  6:46  Command Center  
  93  6:47  Marine  
  93  6:50  Marine  
  95  6:56  SCV x2  
  95  7:00  Marine  
  98  7:02  Marine x2  
  98  7:03  Marine  
  98  7:04  Marine x2  
  98  7:05  Marine  
  104  7:15  Supply Depot  
  111  7:24  SCV  

Tags
 
Add a new tag
Caveats
  • Supply blocks, unpowered buildings, or Contaminate may cause inaccurate times.
  • Supply counts are checked every 10 seconds.